 Dungeon Crawl Stone Soup version 0.30.0-10-gfe55d96785 (webtiles) character file.

Game seed: 8487727151304132776

29 Persephone the Conjurer (level 3, 0/19 HPs)
             Began as a Deep Elf Conjurer on May 14, 2023.
             Slain by a phantom (1 damage)
             ... on level 2 of the Dungeon on May 15, 2023.
             The game lasted 00:03:35 (1152 turns).

Persephone the Conjurer (Deep Elf Conjurer)         Turns: 1152, Time: 00:03:37

Health: 0/19       AC:  2    Str:  4    XL:     3   Next: 1%
Magic:  8/10       EV: 12    Int: 24    God:
Gold:   68         SH:  0    Dex: 13    Spells: 6/9 levels left

rFire   . . .        d - +0 short sword
rCold   . . .        (no shield)
rNeg    . . .        a - +0 robe
rPois   .            (no helmet)
rElec   .            (no cloak)
rCorr   .            (no gloves)
SInv    .            (no boots)
Will    .....        (no amulet)
Stlth   ++           (no ring)
HPRegen 0.23/turn    (no ring)
MPRegen 0.12/turn

%: no passive effects
@: no status effects
A: no striking features
a: no special abilities


You were on level 2 of the Dungeon.
You visited 1 branch of the dungeon, and saw 2 of its levels.

You collected 68 gold pieces.

Inventory:

Hand Weapons
 d - a +0 short sword (weapon)
Armour
 a - a +0 robe (worn)
Jewellery
 j - a ring of protection from fire
Scrolls
 e - 2 scrolls of amnesia {unknown}
 f - 3 scrolls of identify {unknown}
 i - a scroll of enchant weapon {unknown}
 k - a scroll of teleportation {unknown}
Potions
 b - 2 potions of magic
 c - a potion of haste {unknown}
 g - 2 potions of mutation {unknown}
 h - a potion of resistance {unknown}
 l - a potion of heal wounds {unknown}


   Skills:
 + Level 3.0 Dodging
 + Level 3.1 Stealth
 + Level 3.5 Spellcasting
 + Level 4.6 Conjurations


You had 6 spell levels left.
You knew the following spells:

 Your Spells              Type           Power      Damage    Failure   Level
a - Magic Dart            Conj           100%       1d8       1%          1
b - Searing Ray           Conj           52%        2d6       2%          2

Your spell library contained the following spells:

 Spells                   Type           Power      Damage    Failure   Level
 Dazzling Flash           Conj/Hex       30%        N/A       12%         3
 Fulminant Prism          Conj/Hex       7%         3d6       36%         4
 Iskenderun's Mystic Bla  Conj/Tloc      15%        2d5       36%         4


Dungeon Overview and Level Annotations

Branches:
Dungeon (2/15)

Altars:


Message History

Confirm with . or Enter, or press ? or * to list all spells.
Aiming: Searing Ray (safe; 2% risk of failure)
Press: ? - help, Shift-Dir - straight line, f/p - phantom
Aim: a phantom (heavily damaged, 71% to hit)
The searing ray hits the phantom.
The phantom is heavily damaged. (Press . to maintain the ray.)
The phantom hits you.
Casting: Searing Ray (safe; 2% risk of failure)
Confirm with . or Enter, or press ? or * to list all spells.
Aiming: Magic Dart (safe; 1% risk of failure)
Press: ? - help, Shift-Dir - straight line, f/p - phantom
Aim: a phantom (heavily damaged, 100% to hit)
The magic dart hits the phantom.
The phantom is heavily damaged.
The phantom hits you.
The phantom blinks!
You blink.
Unknown command.
Magic courses through your body. The phantom hits you.
* * * LOW HITPOINT WARNING * * *
Press: ? - help, v - describe, . - travel
Here: a phantom (heavily damaged)
The floor.
Unknown command.
Casting: Magic Dart (safe; 1% risk of failure)
Confirm with . or Enter, or press ? or * to list all spells.
Okay, then.
Casting: Magic Dart (safe; 1% risk of failure)
Confirm with . or Enter, or press ? or * to list all spells.
Okay, then.
Unknown command.
Casting: Magic Dart (safe; 1% risk of failure)
Confirm with . or Enter, or press ? or * to list all spells.
Aiming: Searing Ray (safe; 2% risk of failure)
Press: ? - help, Shift-Dir - straight line, f/p - phantom
Aim: a phantom (heavily damaged, 71% to hit)
The searing ray hits the phantom!
The phantom is almost destroyed. (Press . to maintain the ray.)
The phantom hits you.
You die...

.......## #.#....
........####.#....
#§.....#...####
#####.§#......#
#..#......#
#..##.....#
#..##..#.#####..
##.##..<........
#@.#.#######...
#.W........#
#..#....##.#
#.......#
#.#.....#
#.#.##### #.#.#
#####†#.###
#.........#


You could see a phantom.

Vanquished Creatures
  4 endoplasms
  3 goblins (D:1)
  3 hobgoblins (D:1)
  3 quokkas (D:1)
  4 ball pythons
  2 bats
  3 frilled lizards (D:1)
  3 kobolds (D:1)
  2 rats (D:1)
27 creatures vanquished.

Notes
Turn   | Place    | Note
-------+----------+-------------------------------------------
     0 | D:1      | Persephone the Deep Elf Conjurer began the quest for the
                  | Orb.
     0 | D:1      | Reached XP level 1. HP: 10/10 MP: 6/6
   195 | D:1      | Reached XP level 2. HP: 15/15 MP: 2/8
  1110 | D:2      | Reached XP level 3. HP: 19/19 MP: 7/10
  1113 | D:2      | Learned a level 2 spell: Searing Ray
  1144 | D:2      | Noticed a phantom
  1152 | D:2      | Slain by a phantom

Illustrated notes

Levels and vault maps discovered:
D:1:      heliophobic_arrival_ceremonial_halls, layout_basic,
          hangedman_decor_push
D:2:      layout_basic, basic_altar, shapermc_ecumenical_altar_pompeii

Skill      XL: |  1  2 |
---------------+-------+-----
Stealth        | 3 |  3.1
Dodging        | 3 |  3.0
Spellcasting   | |  3.5
Conjurations   | |  4.6

Action                     || total
---------------------------++-------
  Melee: Short sword       ||     3
   Cast: Magic Dart        ||    44
         Searing Ray       ||     3
    Use: Potion            ||     1
  Dodge: Dodged            ||     2
